 Dungeon Sprint DCSS version 0.21.0-37-g46506fa (webtiles) character file.

158 groucho the Unseen (level 5, -4/24 HPs)
             Began as a Felid Berserker on Jan 30, 2018.
             Was a Believer of Trog.
             Slain by a yak (11 damage)
             ... in the Dungeon (Sprint I: "Red Sonja").
             The game lasted 00:00:42 (310 turns).

groucho the Unseen (Felid Berserker)                 Turns: 310, Time: 00:00:43

Health: -4/24      AC:  2    Str: 13    XL:     5   Next: 16%
Magic:  6/6        EV: 19    Int:  8    God:    Trog [**....]
Gold:   315        SH:  0    Dex: 18    Spells: 4/4 levels left
                                        Lives:  0   Deaths: 1

rFire    . . .     SeeInvis +     - Unarmed
rCold    . . .     Gourm    .   (shield unavailable)
rNeg     . . .     Faith    .   (armour unavailable)
rPois    .         Spirit   .   (helmet unavailable)
rElec    .         Reflect  .   (cloak unavailable)
rCorr    .         Harm     .   (gloves unavailable)
MR       .....     NoTele   +   (boots unavailable)
Stlth    +++++++...             (no amulet)
HPRegen  0.08/turn              (no ring)
MPRegen  0.10/turn              (no ring)

@: quick
A: very small, no armour, no weapons or thrown items, stealth, claws 1, fangs 3,
see invisible, carnivore, speed 1, shaggy fur 2, slow metabolism 1, sharp paws
a: Berserk, Trog's Hand, Burn Spellbooks, Renounce Religion


You were in the Dungeon.
You worshipped Trog.
Trog was pleased with you.
You were not hungry.

You visited 1 branch You collected 315 gold pieces.

Inventory:

Wands
 h - a wand of flame (15)
 i - a wand of iceblast (2)
Scrolls
 g - a scroll of blinking
Potions
 b - a potion of curing
 c - a potion of heal wounds
 d - a potion of haste
 e - 2 potions of magic
 f - a potion of berserk rage
 j - a potion of degeneration {unknown}
Comestibles
 a - a ration


   Skills:
 - Level 3.0 Fighting
 - Level 4.0 Dodging
 + Level 16.9 Stealth
 - Level 3.0 Unarmed Combat


You had 4 spell levels left.
You didn't know any spells.

Dungeon Overview and Level Annotations

Branches:
Dungeon (1/1)

Altars:
Cheibriados
Dithmenos
Elyvilon
Fedhas
Gozag
Hepliaklqana
Kikubaaqudgha
Okawaru
Qazlal
Ru
Sif Muna
Trog
Uskayaw
Vehumet
Wu Jian
Yredelemnul
Zin
The Shining One

Shops:
D }


Innate Abilities, Weirdness & Mutations

You cannot wear armour.
You are incapable of wielding weapons or throwing items.
Your paws allow you to move quietly. (Stealth)
You have sharp claws.
You have razor-sharp teeth.
You have supernaturally acute eyesight. (SInv)
You are carnivorous and can eat meat at any time.
You cover ground quickly.
You are covered in thick fur. (AC +2)
You have a slow metabolism.
Your sharp claws are effective at attacking unaware monsters.


Message History

The yak is heavily wounded.
The yak gores you!
You die...
You are now level 5!
You rejoin the land of the living...
Unknown command.
There is an open door here.
The yak barely misses you.
You scratch the yak.
The yak is heavily wounded.
The yak gores you.
You scratch the yak.
The yak is severely wounded.
The yak gores you!
Ouch! That really hurt!
* * * LOW HITPOINT WARNING * * *
You scratch the yak.
The yak is severely wounded.
The yak gores you!
You die...

################
#<.#.)'..#.)'..#
#..'..#.)'..#..+
#..#####+#####'#
#..# #..#...#.#
#..#__####..##.#
#..#_____##'#_.+
#⌠⌠#_.∩...Y@.._#
####_..__##_.#'#
#____ ##+#.#
#### ###


You could see a yak.

Vanquished Creatures
  Sigmund (D)
  An ogre (D)
  A jelly (D)
  Ijyb (D)
4 creatures vanquished.

Notes
Turn   | Place    | Note
-------+----------+-------------------------------------------
     0 | D        | groucho the Felid Berserker began the quest for the Orb.
     0 | D        | Reached XP level 1. HP: 10/10 MP: 2/2
     2 | D        | Noticed Ijyb
    12 | D        | Killed Ijyb
    12 | D        | Reached skill level 8 in Stealth
    12 | D        | Reached XP level 2. HP: 10/14 MP: 3/3
   224 | D        | Noticed an ogre
   226 | D        | Killed an ogre
   226 | D        | Reached skill level 12 in Stealth
   226 | D        | Reached XP level 3. HP: 17/17 MP: 4/4
   226 | D        | Reached XP level 4. HP: 21/21 MP: 5/5
   242 | D        | Noticed Sigmund
   244 | D        | Killed Sigmund
   244 | D        | Reached ** piety under Trog
   244 | D        | Reached skill level 16 in Stealth
   244 | D        | Reached XP level 5. HP: 24/24 MP: 6/6
   244 | D        | Gained mutation: You are covered in thick fur. (AC +2) [Felid growth]
   244 | D        | Reached XP level 6. HP: 28/28 MP: 7/7
   257 | D        | Found a deep blue altar of Sif Muna.
   258 | D        | Found an ornate altar of the Wu Jian Council.
   259 | D        | Found a radiant altar of Vehumet.
   298 | D        | Found Teoclus's Gadget Emporium.
   298 | D        | Found an ancient bone altar of Kikubaaqudgha.
   298 | D        | Found a hazy altar of Hepliaklqana.
   298 | D        | Found a stormy altar of Qazlal.
   298 | D        | Found a hide-covered altar of Uskayaw.
   298 | D        | Found a blossoming altar of Fedhas.
   298 | D        | Found a bloodstained altar of Trog.
   298 | D        | Found an iron altar of Okawaru.
   298 | D        | Found a basalt altar of Yredelemnul.
   298 | D        | Found a glowing golden altar of the Shining One.
   298 | D        | Found a snail-covered altar of Cheibriados.
   298 | D        | Found a sacrificial altar of Ru.
   298 | D        | Found a glowing silver altar of Zin.
   298 | D        | Found a shadowy altar of Dithmenos.
   298 | D        | Found a white marble altar of Elyvilon.
   298 | D        | Noticed a yak
   299 | D        | Found an opulent altar of Gozag.
   304 | D        | Slain by a yak
   305 | D        | Reached XP level 5. HP: -4/36 MP: 6/6
   310 | D        | Slain by a yak

Skill      XL: |  1  2  3  4 |
---------------+-------------+-----
Stealth        | 8 12 16 | 16.9
Fighting       | |  3.0
Dodging        | |  4.0
Unarmed Combat | |  3.0

Action                   |  1- 3 |  4- 6 || total
-------------------------+-------+-------++-------
Melee: Unarmed           |     9 |     8 ||    17
       Bite              |     1 |       ||     1
Invok: Berserk           |     1 |     1 ||     2
       Trog's Hand       |       |     1 ||     1
 Stab: Sleeping          |     1 |     2 ||     3
Armor: Skin              |     1 |       ||     1
Dodge: Dodged            |     3 |     4 ||     7
